 Dungeon Crawl Stone Soup version 0.31-a0-426-g3a05650e59 (webtiles) character file.

Game seed: 971831504648370212

41495 juan097 the Thaumaturge (level 14, -13/102 HPs)
             Began as a Djinni Earth Elementalist on July 30, 2023.
             Was a High Priest of Nemelex Xobeh.
             Mangled by a profane servitor
             ... wielding a +1 demon whip of electrocution
              (19 damage)
             ... on level 1 of the Abyss.
             The game lasted 00:49:14 (17889 turns).

juan097 the Thaumaturge (DjEE)                     Turns: 17889, Time: 00:49:14

Health: -13/102    AC: 20    Str:  7    XL:     14   Next: 50%
Gold:   801        EV: 15    Int: 23    God:    Nemelex Xobeh [*****.] SH:  0 Dex: 22

rFire   + + .        a - staff of earth
rCold   x . .        (no shield)
rNeg    . . .        k - +5 ring mail of the Devil's Team {SInv}
rPois   ∞            O - +1 helmet {Int+3}
rElec   .            B - +2 cloak
rCorr   .            x - +2 pair of gloves
SInv    +            (boots unavailable)
Will    ++...        (no amulet)
Stlth   ++           Q - ring of willpower
HPRegen 0.37/turn    X - +6 ring of dexterity
MPRegen 0.00/turn

%: infuse magic (-14 HP)
@: about to teleport, flying, wreathed by umbra
A: sickness immunity, fire resistance 2, cold vulnerability 1, float, innate
caster, HP casting, extra vitality 1
a: Renounce Religion, Draw Escape, Draw Destruction, Draw Summoning, Triple
Draw, Deal Four, Stack Five


You were on level 1 of the Abyss.
You worshipped Nemelex Xobeh.
Nemelex Xobeh was extremely pleased with you.
You visited 3 branches of the dungeon, and saw 16 of its levels.
You visited the Abyss 1 time.
You also visited: Bailey.

You collected 801 gold pieces.

Inventory:

Hand Weapons
 b - a +1 whip of electrocution
 w - a +0 dagger
Missiles
 e - 11 javelins
 i - 21 poisoned darts
 y - 3 throwing nets
 L - 6 curare-tipped darts
Armour
 k - the +5 ring mail of the Devil's Team (worn) {SInv}
   (You found it on level 3 of the Dungeon)

   SInv:      It lets you see invisible.
 x - a +2 pair of gloves (worn)
 B - a +2 cloak (worn)
 O - a +1 helmet of intelligence (worn)
Magical Staves
 a - a staff of earth (weapon)
Jewellery
 F - a ring of fire
 Q - a ring of willpower (left hand)
 X - a +6 ring of dexterity (right hand)
Wands
 z - a wand of flame (4)
 A - a wand of charming (13)
 M - a wand of roots (7)
 W - a wand of mindburst (9)
 Z - a wand of digging (4)
Scrolls
 f - 2 scrolls of revelation
 g - a scroll of teleportation
 j - 2 scrolls of vulnerability
 n - 6 scrolls of noise {unknown}
 q - 3 scrolls of fear {unknown}
 v - 5 scrolls of silence {unknown}
 C - 3 scrolls of immolation
 D - 2 scrolls of poison {unknown}
 E - a scroll of enchant weapon {unknown}
 H - a scroll of brand weapon {unknown}
 U - 2 scrolls of enchant armour
 V - a scroll of fog {unknown}
Potions
 c - 4 potions of mutation
 h - 5 potions of curing {unknown}
 l - 6 potions of brilliance {unknown}
 m - 2 potions of invisibility
 o - 4 potions of heal wounds {unknown}
 p - 3 potions of attraction {unknown}
 r - 3 potions of haste {unknown}
 s - 2 potions of lignification {unknown}
 t - 5 potions of might {unknown}
 u - a potion of magic {unknown}
 G - 2 potions of cancellation {unknown}
 J - 10 potions of ambrosia
 P - a potion of degeneration {unknown}
 R - a potion of berserk rage {unknown}
 Y - a potion of enlightenment {unknown}
Miscellaneous
 K - a box of beasts
 N - a condenser vane
 S - a lightning rod (4/4)


   Skills:
 + Level 9.9 Fighting
 + Level 7.7 Armour
 + Level 9.4 Dodging
 - Level 4.0 Stealth
 + Level 12.5 Spellcasting
 + Level 12.5 Conjurations
 + Level 12.5 Hexes
   Level 0.0 Charms
 + Level 12.5 Summonings
 + Level 12.5 Necromancy
 + Level 12.5 Translocations
 + Level 12.5 Transmutations
 + Level 12.5 Fire Magic
 + Level 12.5 Ice Magic
 + Level 12.5 Air Magic
 + Level 12.5 Earth Magic
 + Level 12.5 Poison Magic
 - Level 8.0 Invocations
 + Level 5.6 Evocations


You knew the following spells:

 Your Spells              Type           Power      Damage    Failure   Level
a - Sandblast             Erth           100%       2d20      1%          1
b - Passwall              Tmut/Erth      68%        N/A       1%          2
c - Stone Arrow           Conj/Erth      100%       3d13      1%          3
d - Petrify               Tmut/Erth      82%        N/A       1%          4
e - Kiss of Death         Conj/Necr      100%       2d13      1%          1
f - Call Imp              Summ           100%       N/A       1%          2
g - Dazzling Flash        Conj/Hex       100%       N/A       1%          3
h - Flame Wave            Conj/Fire      64%        2d15      1%          4
i - Olgreb's Toxic Radia  Pois           64%        N/A       1%          4
j - Agony                 Necr           64%        N/A       1%          5
Your spell library was empty.

Dungeon Overview and Level Annotations

Branches:
Dungeon (10/15)            Temple (1/1) D:4            Lair (5/5) D:10
 Shoals (0/4) Lair:2       Spider (0/4) Lair:3        Slime (0/5) Lair:5
 Bailey (visited)
    Orc: D:9-12

Altars:
Ashenzari
Cheibriados
Dithmenos
Elyvilon
Fedhas
Gozag
Hepliaklqana
Makhleb
Nemelex Xobeh
Okawaru
Qazlal
Ru
Trog
Uskayaw
Wu Jian
Xom
Yredelemnul
Zin
The Shining One
Jiyva

Shops:
D:1 =

Annotations:
D:4 2 transporters, bakla's ghost, novice MeSh
D:9 1 transporter, Urgle's ghost, novice TrBe
Lair:3 exclusion: simulacrum
Lair:4 exclusion: oklob plant
Lair:5 3 runed translucent doors, Lemipp's ghost, journeyman DEHW; RepHenryClay's ghost, journeyman DEFE; Sabo's ghost, journeyman DsFi; cforsyth's ghost, journeyman GnAr


Innate Abilities, Weirdness & Mutations

You are immune to sickness and miasma.
You are immune to poison.
Your flesh is very heat resistant. (rF++)
You are vulnerable to cold. (rC-)
You float through the air rather than walking.
You learn spells naturally, not from books.
Your magical power is your life essence.
You have superior vitality. (+4 MHP)


Message History

Press: ? - help, v - describe, . - travel
Here: a profane servitor, wielding a +1 demon whip of electrocution (umbra)
The floor.
Blink to where?
Press: ? - help, Dir - move target
As you read the scroll of blinking, it crumbles to dust.
A thrashing horror comes into view.
Press: ? - help, v - describe, . - travel
Here: a profane servitor, wielding a +1 demon whip of electrocution (umbra)
The floor.
Okay, then.
Okay, then.
Okay, then.
You draw a card...
You have drawn Exile.
Nothing appears to happen.
The profane servitor closely misses you.
The profane servitor hits you but does no damage.
The white imp shouts, "Leave, thou villainous fen-sucked vassal!"
You draw a card...
You have drawn the Tomb.
Walls emerge from the floor!
The profane servitor hits you but does no damage.
The profane servitor closely misses you. x2
The profane servitor hits you with a +1 demon whip of electrocution!
You are electrocuted!!
* * * LOW HITPOINT WARNING * * *
You draw... (choose one card, ? for their descriptions) a - Exile
b - the Tomb
c - the Cloud You have drawn the Cloud.
Clouds appear around you!
The profane servitor hits you with a +1 demon whip of electrocution.
* * * LOW HITPOINT WARNING * * *
The profane servitor completely misses you.
Okay, then.
You draw... (choose one card, ? for their descriptions)
a - the Tomb
b - the Cloud c - Exile You have drawn the Cloud.
Nothing appears to happen.
The profane servitor hits you with a +1 demon whip of electrocution!!
You die...
Your body glows with a rainbow of weird colours and disappears.

. # # . . #.X . #.# #
.###.# . .# .. . #
.#.. # . . . .
.##.####.# # # . #..
#. ###§§### .# . # .
.. . #.##..§A@### .#
#. . ..
.##...#.5###..#. .#.
. .> ..#...#.###.####
#..♣
#..#....#.5.#.#.#..#
.
#......#....#...#..#.
# .. #.##.#..###..
### . ...# .#..# #.
...###.. #......#.#
#....# # # .....##.
.# # #. # . ##.


You could see a profane servitor and a white imp.

Vanquished Creatures
  Snorg (Lair:3)
  3 hydras
  A catoblepas (Lair:4)
  4 death yaks (Lair:5)
  A skyshark (Lair:3)
  A necromancer (Lair:3)
  A large abomination (Lair:5)
  21 elephants
  6 cane toads
  A torpor snail (Lair:4)
  A black mamba (Lair:3)
  A smoke demon (Lair:5)
  3 rime drakes (Lair:4)
  6 komodo dragons
  A queen bee (Lair:2)
  3 polar bears
  Grinder (D:5)
  A tarantella (shapeshifter) (Lair:5)
  A hornet (D:9)
  6 dream sheep (Lair:4)
  6 blink frogs (Lair:5)
  4 culicivoras (Lair:3)
  A ynoxinul (Lair:5)
  41 yaks
  2 shadows (D:10)
  4 jumping spiders (Lair:3)
  6 wyverns
  5 basilisks
  2 steam dragons
  A chaos spawn (Lair:5)
  8 water moccasins
  5 small abominations (Lair:5)
  A black bear (D:7)
  A sky beast (D:6)
  8 orc warriors
  13 wolves
  2 phantoms
  7 centaurs
  A lemure (D:5)
  12 bullfrogs
  3 scorpions
  7 wights
  35 killer bees
  5 electric eels
  6 howler monkeys
  4 jellies
  4 hounds
  Crazy Yiuf (D:5)
  5 orc priests
  A sleepcap (D:5)
  An iguana (D:4)
  4 orc wizards
  A yak simulacrum (Lair:3)
  A wolf simulacrum (Lair:3)
  Robin (D:3)
  6 gnolls (D:10)
  6 adders
  2 white imps
  An ufetubus (D:4)
  2 worms (D:2)
  4 dart slugs
  50 orcs
  4 bats
  11 endoplasms
  6 giant cockroaches
  9 hobgoblins
  16 jackals
  5 quokkas
  5 ball pythons
  A frilled lizard (D:2)
  24 goblins
  11 kobolds
  7 rats
  A spectral goblin (D:7)
  A butterfly (Lair:5)
445 creatures vanquished.

Vanquished Creatures (collateral kills)
  Pikel (D:5)
  A manticore (D:9)
  A yak (Lair:1)
  An acid dragon (D:7)
  An orc warrior (D:7)
  An ogre (D:5)
  2 centaurs
  A kobold brigand (D:9)
  2 howler monkeys (D:7)
  An iguana (D:4)
  3 kobolds (D:9)
15 creatures vanquished.

Grand Total: 460 creatures vanquished

Notes
Turn   | Place    | Note
-------+----------+-------------------------------------------
     0 | D:1      | juan097 the Djinni Earth Elementalist began the quest for
                  | the Orb.
     0 | D:1      | juan097 set off with the following spells memorised:
                  | Sandblast, Passwall, Stone Arrow, Petrify.
     0 | D:1      | Reached XP level 1. HP: 15/15 MP: 0/0
    81 | D:1      | You are sucked into a shaft and drop 1 floor!
    94 | D:2      | Reached XP level 2. HP: 20/22 MP: 0/0
   228 | D:1      | Reached XP level 3. HP: 25/26 MP: 0/0
   228 | D:1      | Learned a level 1 spell: Kiss of Death
   464 | D:1      | Found Onlaf's Jewellery Emporium.
   993 | D:1      | Reached skill level 1 in Fighting
  1071 | D:2      | Reached XP level 4. HP: 23/32 MP: 0/0
  1691 | D:3      | Found a burning altar of Makhleb.
  1816 | D:3      | Reached XP level 5. HP: 35/37 MP: 0/0
  1816 | D:3      | Learned a level 2 spell: Call Imp
  2122 | D:3      | Found a faded altar of an unknown god.
  2130 | D:3      | Prayed at the altar of an unknown god.
  2130 | D:3      | Became a worshipper of Nemelex Xobeh the Trickster
  2130 | D:3      | Reached * piety under Nemelex Xobeh
  2130 | D:3      | Received a gift from Nemelex Xobeh
  2371 | D:3      | Noticed Robin
  2394 | D:3      | Killed Robin
  2452 | D:3      | Identified the +5 ring mail of the Devil's Team {SInv}
  2700 | D:3      | Found a hide-covered altar of Uskayaw.
  2773 | D:4      | Noticed a phantom
  2925 | D:4      | Reached XP level 6. HP: 37/43 MP: 0/0
  2955 | D:4      | Found a staircase to the Ecumenical Temple.
  2970 | D:4      | Reached skill level 1 in Invocations
  3101 | Temple   | Entered the Ecumenical Temple
  3115 | D:4      | Found a broken altar of Ashenzari.
  3386 | D:4      | Reached skill level 1 in Armour
  3502 | D:4      | Found a sparkling altar of Nemelex Xobeh.
  3539 | D:4      | Found a transporter.
  3544 | D:4      | Noticed bakla's ghost (novice MeSh)
  3603 | D:4      | Found a transporter.
  3672 | D:4      | Reached XP level 7. HP: 45/49 MP: 0/0
  3672 | D:4      | Learned a level 3 spell: Dazzling Flash
  3699 | D:4      | Received a gift from Nemelex Xobeh
  3848 | D:5      | Entered Level 5 of the Dungeon
  3854 | D:5      | Noticed Grinder
  3973 | D:5      | Reached ** piety under Nemelex Xobeh
  4050 | D:5      | Killed Grinder
  4142 | D:5      | Noticed Pikel
  4271 | D:5      | Reached XP level 8. HP: 49/56 MP: 0/0
  4354 | D:5      | Killed Pikel
  4355 | D:5      | Reached skill level 5 in Spellcasting
  4355 | D:5      | Reached skill level 5 in Conjurations
  4355 | D:5      | Reached skill level 5 in Hexes
  4355 | D:5      | Reached skill level 5 in Summonings
  4355 | D:5      | Reached skill level 5 in Necromancy
  4355 | D:5      | Reached skill level 5 in Translocations
  4355 | D:5      | Reached skill level 5 in Transmutations
  4355 | D:5      | Reached skill level 5 in Fire Magic
  4355 | D:5      | Reached skill level 5 in Ice Magic
  4355 | D:5      | Reached skill level 5 in Air Magic
  4355 | D:5      | Reached skill level 5 in Earth Magic
  4355 | D:5      | Reached skill level 5 in Poison Magic
  4472 | D:5      | Found a runed translucent door.
  4473 | D:5      | Noticed Crazy Yiuf
  4482 | D:5      | Killed Crazy Yiuf
  4586 | D:5      | Noticed a wyvern
  4634 | D:6      | Found a shimmering altar of Xom.
  4864 | D:6      | Received a gift from Nemelex Xobeh
  4919 | D:6      | Reached XP level 9. HP: 62/63 MP: 0/0
  4919 | D:6      | Learned a level 4 spell: Flame Wave
  5088 | D:6      | Found an ornate altar of the Wu Jian Council.
  5470 | D:6      | Reached skill level 5 in Fighting
  6145 | D:7      | Found a glowing golden altar of the Shining One.
  6166 | D:7      | Reached XP level 10. HP: 70/72 MP: 0/0
  6239 | D:7      | Received a gift from Nemelex Xobeh
  6411 | D:7      | Found a hazy altar of Hepliaklqana.
  6525 | D:8      | Found a white marble altar of Elyvilon.
  6626 | D:8      | Found an iron altar of Okawaru.
  6724 | D:8      | Reached *** piety under Nemelex Xobeh
  7019 | D:8      | Identified the +3 scale mail of Hoiniowurph {rN+ rCorr
                  | Stlth-}
  8283 | D:9      | Noticed a manticore
  8427 | D:9      | Killed a manticore
  8428 | D:9      | Reached skill level 5 in Invocations
  8441 | D:9      | Noticed a two-headed ogre
  8445 | D:9      | Noticed a two-headed ogre
  8450 | D:9      | Noticed Urgle's ghost (novice TrBe)
  8451 | D:9      | Noticed a two-headed ogre
  8452 | D:9      | Identified the +6 giant club of Peace {vamp, Int+4}
  8452 | D:9      | Noticed a two-headed ogre
  8687 | D:9      | Found a basalt altar of Yredelemnul.
  8831 | D:9      | Found a transporter.
  9061 | D:10     | Entered Level 10 of the Dungeon
  9061 | D:10     | Reached **** piety under Nemelex Xobeh
  9130 | D:10     | Reached skill level 5 in Dodging
  9130 | D:10     | Reached XP level 11. HP: 74/79 MP: 0/0
  9130 | D:10     | Learned a level 4 spell: Olgreb's Toxic Radiance
  9241 | D:10     | Found a shadowy altar of Dithmenos.
  9306 | D:10     | Found a staircase to the Lair.
  9365 | D:10     | Found a flagged portal.
  9378 | Bailey   | Entered a bailey
  9619 | Bailey   | Reached skill level 5 in Armour
  9997 | D:10     | Received a gift from Nemelex Xobeh
 10247 | Lair:1   | Entered Level 1 of the Lair of Beasts
 11222 | Lair:1   | Reached ***** piety under Nemelex Xobeh
 11222 | Lair:1   | Received a gift from Nemelex Xobeh
 11536 | Lair:2   | Found a staircase to the Shoals.
 11693 | Lair:2   | You are sucked into a shaft and drop 2 floors!
 11693 | Lair:4   | Noticed an elephant
 11693 | Lair:4   | Noticed an elephant
 11693 | Lair:4   | Noticed an elephant
 11693 | Lair:4   | Noticed an elephant
 11695 | Lair:4   | Noticed an elephant
 11697 | Lair:4   | Received a gift from Nemelex Xobeh
 11697 | Lair:4   | Noticed a catoblepas
 11701 | Lair:4   | Killed an elephant
 11701 | Lair:4   | Killed an elephant
 11702 | Lair:4   | Reached skill level 10 in Spellcasting
 11702 | Lair:4   | Reached skill level 10 in Conjurations
 11702 | Lair:4   | Reached skill level 10 in Hexes
 11702 | Lair:4   | Reached skill level 10 in Summonings
 11702 | Lair:4   | Reached skill level 10 in Necromancy
 11702 | Lair:4   | Reached skill level 10 in Translocations
 11702 | Lair:4   | Reached skill level 10 in Transmutations
 11702 | Lair:4   | Reached skill level 10 in Fire Magic
 11702 | Lair:4   | Reached skill level 10 in Ice Magic
 11702 | Lair:4   | Reached skill level 10 in Air Magic
 11702 | Lair:4   | Reached skill level 10 in Earth Magic
 11702 | Lair:4   | Reached skill level 10 in Poison Magic
 11702 | Lair:4   | Reached XP level 12. HP: 61/86 MP: 0/0
 11704 | Lair:4   | Noticed a five-headed hydra
 12350 | Lair:4   | Killed a catoblepas
 12847 | Lair:4   | Killed a five-headed hydra
 12848 | Lair:4   | Reached XP level 13. HP: 40/92 MP: 0/0
 12848 | Lair:4   | Learned a level 5 spell: Agony
 12867 | Lair:4   | Noticed a four-headed hydra
 12923 | Lair:3   | Reached skill level 1 in Evocations
 13168 | Lair:3   | Received a gift from Nemelex Xobeh
 13546 | Lair:2   | Identified the +1 falchion of the Yoke {speed, Dex+3}
 14259 | Lair:3   | Found a hole to the Spider Nest.
 14689 | Lair:3   | Noticed Snorg
 14702 | Lair:3   | Killed Snorg
 15583 | Lair:4   | Received a gift from Nemelex Xobeh
 15797 | Lair:4   | Killed a four-headed hydra
 16093 | Lair:5   | Entered Level 5 of the Lair of Beasts
 16093 | Lair:5   | Received a gift from Nemelex Xobeh
 16235 | Lair:5   | Found a staircase to the Slime Pits.
 16235 | Lair:5   | Found a viscous altar of Jiyva.
 16250 | Lair:5   | Reached XP level 14. HP: 79/101 MP: 0/0
 16679 | Lair:5   | Found a runed translucent gate.
 16679 | Lair:5   | Found a runed translucent gate.
 16679 | Lair:5   | Found a runed translucent gate.
 16681 | Lair:5   | Noticed Sabo's ghost (journeyman DsFi)
 16681 | Lair:5   | Noticed Lemipp's ghost (journeyman DEHW)
 16682 | Lair:5   | Noticed RepHenryClay's ghost (journeyman DEFE)
 16683 | Lair:5   | Noticed cforsyth's ghost (journeyman GnAr)
 16731 | Lair:5   | Reached skill level 5 in Evocations
 17121 | Lair:5   | Received a gift from Nemelex Xobeh
 17724 | Lair:5   | Identified the amulet "Fyal" {Reflect Dex+2 SH+5}
 17730 | Abyss:1  | Cast into level 1 of the Abyss (spriggan)
 17878 | Abyss:1  | Noticed a profane servitor
 17889 | Abyss:1  | Mangled by a profane servitor

Illustrated notes

Levels and vault maps discovered:
D:1:      tarquinn_simple_flora_water_c, layout_loops_corners, serial_shops,
          shop
D:2:      layout_rooms
D:3:      kennysheep_goblin_castle, layout_basic,
          mainiacjoe_overflow_small_starburst, marbit_many_paths,
          hellmonk_ecumenical_altar_leap_of_faith
D:4:      layout_cave_pools, nemelex_spade_bored_becter, kennysheep_little_box,
          temple_green, gammafunk_ghost_arena
D:5:      layout_rooms, nicolae_letterblocks [nicolae_letter_subblock,
          nicolae_letter_subblock, nicolae_letter_subblock,
          nicolae_letter_subblock, nicolae_letter_subblock,
          nicolae_letter_subblock, nicolae_letter_subblock,
          nicolae_letter_subblock, nicolae_letter_subblock,
          nicolae_letter_subblock, nicolae_letter_subblock,
          nicolae_letter_subblock, nicolae_letter_subblock,
          nicolae_letter_subblock, nicolae_letter_subblock,
          nicolae_letter_subblock, nicolae_letter_subblock,
          nicolae_letter_subblock, nicolae_letter_subblock,
          nicolae_letter_subblock, nicolae_letter_subblock,
          nicolae_letter_subblock, nicolae_letter_subblock,
          nicolae_letter_subblock, nicolae_letter_subblock], uniq_pikel,
          uniq_grinder, uniq_crazy_yiuf_cottage
D:6:      layout_basic, mainiacjoe_overflow_six_doors_small,
          nicolae_overflow_squiral
D:7:      layout_basic, mainiacjoe_overflow_catwalk,
          nicolae_hepliaklqana_monster_ancestors
D:8:      layout_layer_cave, okawaru_gym_becter, nicolae_elyvilon_peaceful_grove
D:9:      layout_big_octagon, mainiacjoe_overflow_tiny_flanked,
          gammafunk_ghost_smash
D:10:     layout_cave_pools, lemuel_doored_altar, lair_entry_dummy,
          lightli_bailey_entry_fortress, dk_noncrumbling_2, chequers_jeans
Temple:   grunt_temple_mini_profane
Lair:1:   layout_regular_city
Lair:2:   layout_roguey [special_room_bee], minmay_shoals_entry_centaurs,
          columned_hall_lemuel, minmay_holes
Lair:3:   layout_roguey, nicolae_spider_entry_tight_spaces,
          eino_house_with_fridge, serial_bayou_shore_b, serial_bayou_shore_a,
          uniq_snorg
Lair:4:   layout_gridlike, grunt_megastairs_5
Lair:5:   hellmonk_lair_end_abyssal_woods, layout_loops_ring,
          nicolae_slime_entry_slimehenge, gammafunk_ghost_cemetery,
          lemuel_fruit_fields
Abyss:1:  base: D:5, hangedman_abyss_or_decor_stagger

Skill      XL: |  1  2  3  4  5  6  7  8  9 10 11 12 13 14 |
---------------+-------------------------------------------+-----
Spellcasting   | 4 5 7 8 10 12 | 12.5
Conjurations   | 4 5 7 8 10 12 | 12.5
Hexes          | 4 5 7 8 10 12 | 12.5
Summonings     | 4 5 7 8 10 12 | 12.5
Necromancy     | 4 5 7 8 10 12 | 12.5
Translocations | 4 5 7 8 10 12 | 12.5
Transmutations | 4 5 7 8 10 12 | 12.5
Fire Magic     | 4 5 7 8 10 12 | 12.5
Ice Magic      | 4 5 7 8 10 12 | 12.5
Air Magic      | 4 5 7 8 10 12 | 12.5
Earth Magic    | 4 5 7 8 10 12 | 12.5
Poison Magic   | 4 5 7 8 10 12 | 12.5
Stealth        | 2 3 4 |  4.0
Fighting       | 1 2 3 4 6 7 8 9 |  9.9
Dodging        | 3 5 7 8 9 |  9.4
Invocations    | 1 2 3 4 5 6 7 8 |  8.0
Armour         | 1 2 3 4 5 6 7 |  7.7
Evocations     | 4 5 |  5.6

Action                     |  1- 3 |  4- 6 |  7- 9 | 10-12 | 13-15 || total
---------------------------+-------+-------+-------+-------+-------++-------
  Melee: Dagger            |       |       |       |     5 |     1 ||     6
         Staff             |       |       |       |       |     7 ||     7
  Throw: Dart              |       |       |     1 |     1 |       ||     2
   Cast: Sandblast         |    43 |   151 |   126 |    70 |       ||   390
         Stone Arrow       |       |     1 |       |   133 |   163 ||   297
         Call Imp          |       |       |     2 |     1 |     1 ||     4
         Flame Wave        |       |       |       |     9 |     7 ||    16
         Petrify           |       |       |       |     4 |     8 ||    12
         Dazzling Flash    |       |       |       |     2 |     2 ||     4
         Kiss of Death     |       |       |       |     1 |       ||     1
         Olgreb's Toxic Ra |       |       |       |    52 |    73 ||   125
         Agony             |       |       |       |       |     1 ||     1
         Passwall          |       |       |       |       |     1 ||     1
 Invoke: Draw Summoning    |       |     1 |     2 |     3 |       ||     6
         Draw Destruction  |       |       |     3 |     2 |     2 ||     7
         Draw Escape       |       |       |       |     1 |     2 ||     3
         Triple Draw       |       |       |       |     1 |     2 ||     3
    Use: Scroll            |       |       |       |    13 |     4 ||    17
   Stab: Sleeping          |       |       |       |       |     1 ||     1
 Armour: Robe              |     3 |     3 |       |       |       ||     6
         Ring mail         |       |    22 |    59 |    98 |    62 ||   241
  Dodge: Dodged            |     9 |    59 |    52 |    92 |    52 ||   264

Table legend: (Time is in decaauts)
 A = Elapsed time spent in this place.
 B = Non-inter-level travel time spent in this place.
 C = Inter-level travel time spent in this place.
 D = Time resting spent in this place.
 E = Time spent auto-exploring this place.
 F = Levels seen in this place.
 G = Mean time per level.
                   A        B        C        D        E       F      G
               +--------+--------+--------+--------+--------+-----+--------+
         Total |  18095 |  17296 |    799 |    660 |  13015 |  18 | 1005.3 |
       Dungeon |   9886 |   9183 |    703 |    198 |   6884 |  10 |  988.6 |
        Temple |      1 |      1 |      0 |      0 |      0 |   1 |    1.0 |
          Lair |   7488 |   7392 |     96 |    419 |   5682 |   5 | 1497.6 |
         Abyss |    158 |    158 |      0 |      0 |    111 |   1 |  158.0 |
        Bailey |    559 |    559 |      0 |     43 |    338 |   1 |  559.0 |
               +--------+--------+--------+--------+--------+-----+--------+

Top non-repeatable levels by time:
  Lair:4: 2309 daAuts
     D:6: 1504 daAuts
  Lair:3: 1425 daAuts
  Lair:1: 1382 daAuts
     D:8: 1348 daAuts
     D:3: 1258 daAuts
  Lair:5: 1229 daAuts
  Lair:2: 1140 daAuts
     D:4: 1106 daAuts
     D:1: 1097 daAuts
     D:5: 1050 daAuts
     D:7: 686 daAuts
     D:9: 639 daAuts
    D:10: 629 daAuts
     D:2: 565 daAuts
